Map: New Repugnancy LE

Players

TiPtOP - Winner!

  • Race: Terran Terran
  • Spawn Location: 7:00

VOD

Have the link to the VOD?

Description

Time

  • Played on: Aug. 12, 2019, 7:56 a.m.
  • Length: 17:06
Show
View Real Time Build Order
Export as new Build Order

TiPtOP Terran - Winner!

Build Orders:  

Get SALT Encoding   

  12  0:01  SCV  
  13  0:18  SCV  
  14  0:27  Supply Depot  
  14  0:35  SCV  
  15  0:57  SCV  
  16  1:01  Barracks  
  16  1:05  Refinery  
  16  1:15  SCV  
  17  1:32  SCV  
  18  1:49  SCV  
  19  2:02  Barracks  
  19  2:15  Barracks Reactor  
  19  2:18  Supply Depot  
  19  2:19  SCV  
  20  2:48  Command Center  
  20  2:55  SCV  
  21  3:07  Marine  
  21  3:08  Marine  
  23  3:14  SCV  
  24  3:23  Barracks Tech Lab  
  24  3:37  Supply Depot  
  23  3:43  Marine x2  
  25  3:54  Orbital Command  
  25  4:04  Marine  
  25  4:09  Marine x2  
  28  4:22  Supply Depot  
  28  4:29  Marauder  
  30  4:33  Marine  
  30  4:34  Marine  
  32  4:48  SCV  
  32  4:49  SCV  
  34  5:19  SCV x2  
  36  5:23  Marine x2  
  36  5:24  Marauder  
  36  5:26  Factory  
  40  5:35  Refinery  
  40  5:40  SCV x2  
  40  5:48  Marine x2  
  44  6:01  SCV x2  
  46  6:18  SCV x2  
  48  6:23  Marine  
  48  6:24  Marine, Marauder  
  48  6:29  Stimpack  
  52  6:32  Factory Reactor  
  52  6:38  Starport  
  52  6:49  SCV x2  
  54  6:51  Marine x2  
  54  6:54  Marauder  
  58  7:10  SCV, Supply Depot  
  58  7:11  SCV  
  58  7:13  Supply Depot  
  58  7:19  Marine x2  
  62  7:40  Marauder  
  62  7:46  Factory Tech Lab  
  64  7:50  Engineering Bay  
  64  7:56  Marine x2  
  66  8:04  Medivac x2  
  70  8:10  Marauder  
  72  8:25  Marine  
  72  8:26  Marine  
  72  8:29  Siege Tank  
  77  8:34  Terran Infantry Weapons Level 1  
  77  8:56  Supply Depot  
  77  9:08  Supply Depot  
  77  9:21  Refinery  
  77  9:23  Refinery  
  77  9:26  Siege Tank, Marauder  
  77  9:27  Unknown  
  82  9:32  Marine x2  
  84  9:56  Marauder  
  86  10:01  SCV  
  86  10:03  SCV  
  88  10:11  Siege Tank  
  88  10:18  SCV  
  92  10:20  SCV  
  93  10:37  Marine  
  94  10:51  Supply Depot  
  94  10:55  Supply Depot  
  94  10:59  Unknown  
  94  11:21  Marine, Marauder  
  94  11:22  Concussive Shells  
  94  11:23  Supply Depot  
  94  11:24  Terran Infantry Armor Level 1  
  94  11:27  Supply Depot  
  97  11:32  Siege Tank  
  97  11:35  Siege Tank  
  97  11:37  Siege Tank, Marine  
  98  11:40  Siege Tank  
  98  11:42  Medivac  
  98  11:46  Marine  
  107  11:51  Marine  
  107  11:54  Unknown, Supply Depot  
  108  12:05  Siege Tank  
  108  12:07  Siege Tank  
  108  12:09  Unknown  
  103  12:10  Siege Tank  
  103  12:15  Marauder  
  105  12:21  Siege Tank  
  105  12:39  Siege Tank  
  104  12:42  Siege Tank, Unknown  
  104  12:45  Marauder  
  100  13:02  Siege Tank  
  100  13:05  Siege Tank  
  100  13:21  Siege Tank  
  100  13:38  Unknown  
  99  13:51  Siege Tank  
  99  13:53  Siege Tank  
  97  14:05  Unknown  
  97  14:12  Marine x2, Marauder  
  97  14:19  Siege Tank  
  109  14:23  Siege Tank  
  109  14:37  Marine x2  
  111  14:42  Marauder  
  111  14:44  Siege Tank  
  113  14:53  Siege Tank  
  113  14:55  Siege Tank  
  112  15:09  Unknown  
  111  15:15  Unknown x2, Medivac  
  110  15:29  Siege Tank, Unknown  
  113  15:39  Unknown  
  113  15:53  Siege Tank x3  
  113  16:04  Widow Mine  
  113  16:18  Unknown  
  113  16:19  Medivac  
  117  16:20  Medivac  
  117  16:21  Marine x3  
  117  16:24  Unknown  
Tags
 
Add a new tag
Caveats
  • Supply blocks, unpowered buildings, or Contaminate may cause inaccurate times.
  • Supply counts are checked every 10 seconds.